 Dungeon Crawl Stone Soup version 0.29.1-15-g9cfb28693d (webtiles) character file.

Game seed: 18397821025768097800

44 javelincjr the Caller (level 3, 0/25 HPs)
             Began as a Gnoll Summoner on Apr 18, 2023.
             Slain by Crazy Yiuf
             ... wielding a +4 quarterstaff of chaos
              (5 damage)
             ... on level 2 of the Dungeon.
             The game lasted 00:06:06 (2246 turns).

javelincjr the Caller (Gnoll Summoner)              Turns: 2246, Time: 00:06:06

Health: 0/25       AC:  2    Str:  9    XL:     3   Next: 60%
Magic:  1/9        EV: 11    Int: 14    God:
Gold:   113        SH:  7    Dex: 12    Spells: 6/12 levels left

rFire   . . .      SeeInvis .   e - +2 short sword (drain)
rCold   . . .      Faith    .   m - +0 kite shield
rNeg    . . .      Spirit   .   a - +0 robe
rPois   .          Reflect  .   (no helmet)
rElec   .          Harm     .   (no cloak)
rCorr   .          Rampage  .   (no gloves)
Will    .....                   (no boots)
Stlth   ++........              (no amulet)
HPRegen 0.08/turn               (no ring)
MPRegen 0.11/turn               (no ring)

@: lethally poisoned (0 -> -9), very slightly contaminated
A: fangs 1, strong nose, distributed training
a: no special abilities


You were on level 2 of the Dungeon.
You visited 1 branch of the dungeon, and saw 2 of its levels.

You collected 113 gold pieces.

Inventory:

Hand Weapons
 d - a +0 short sword
 e - a +2 short sword of draining (weapon)
Armour
 a - a +0 robe (worn)
 m - a +0 kite shield (worn)
Scrolls
 c - 3 scrolls of identify {unknown}
 f - a scroll of fog {unknown}
 g - a scroll of vulnerability {unknown}
 h - a scroll of blinking {unknown}
 k - a scroll of amnesia {unknown}
Potions
 b - a potion of magic
 i - a potion of ambrosia {unknown}
 j - a potion of attraction {unknown}
 l - a potion of flight {unknown}
 n - a potion of berserk rage {unknown}


   Skills:
 + Level 0.9 Fighting
 + Level 0.9 Short Blades
 + Level 0.9 Long Blades
 + Level 0.9 Axes
 + Level 0.9 Maces & Flails
 + Level 0.9 Polearms
 + Level 0.9 Staves
 + Level 0.9 Ranged Weapons
 + Level 0.9 Throwing
 + Level 0.9 Armour
 + Level 4.5 Dodging
 + Level 4.2 Stealth
 + Level 0.9 Shields
 + Level 0.9 Unarmed Combat
 + Level 5.0 Spellcasting
 + Level 0.6 Conjurations
 + Level 0.6 Hexes
 + Level 7.1 Summonings
 + Level 0.6 Necromancy
 + Level 0.6 Translocations
 + Level 0.6 Transmutations
 + Level 0.6 Fire Magic
 + Level 0.6 Ice Magic
 + Level 0.6 Air Magic
 + Level 0.6 Earth Magic
 + Level 0.6 Poison Magic
 + Level 1.0 Invocations
 + Level 0.9 Evocations


You had 6 spell levels left.
You knew the following spells:

 Your Spells              Type           Power      Damage    Failure   Level
a - Summon Small Mammal   Summ           92%        N/A       3%          1
b - Call Imp              Summ           23%        N/A       4%          2
c - Call Canine Familiar  Summ           23%        N/A       10%         3

Your spell library contained the following spells:

 Spells                   Type           Power      Damage    Failure   Level
 Summon Guardian Golem    Hex/Summ       14%        N/A       36%         3
 Sandblast                Erth           10%        2d5       43%         1
 Blink                    Tloc           10%        N/A       56%         2
 Passwall                 Tmut/Erth      4%         N/A       56%         2
 Summon Lightning Spire   Summ/Air       14%        N/A       77%         4
 Lesser Beckoning         Tloc           5%         N/A       80%         3
 Stone Arrow              Conj/Erth      10%        3d7       80%         3
 Manifold Assault         Tloc           5%         N/A       100%        5


Dungeon Overview and Level Annotations

Branches:
Dungeon (2/15)

Altars:
Elyvilon

Annotations:
D:2 Crazy Yiuf


Innate Abilities, Weirdness & Mutations

You have very sharp teeth.
Your uncanny sense of smell can sniff out nearby items.
Your experience applies equally to all skills.


Message History

Confirm with . or Enter, or press ? or * to list all spells.
A beastly little devil appears in a puff of flame.
You swap places.
Your crimson imp hits Crazy Yiuf but does no damage.
Crazy Yiuf grits, "Pitchfork!
Hack agre aubergine."
Crazy Yiuf barely misses your crimson imp.
Crazy Yiuf hits your crimson imp with a +4 quarterstaff of chaos!
Your crimson imp dies!
Your crimson imp disappears in a puff of smoke!
Casting: Call Imp (safe; 4% risk of failure)
Confirm with . or Enter, or press ? or * to list all spells.
A beastly little devil appears in a puff of flame.
You swap places.
Your crimson imp barely misses Crazy Yiuf.
Crazy Yiuf hits your crimson imp with a +4 quarterstaff of chaos!
Lightning courses through your crimson imp!
Your crimson imp dies!
Your crimson imp disappears in a puff of smoke!
Casting: Call Imp (safe; 4% risk of failure)
Confirm with . or Enter, or press ? or * to list all spells.
You miscast Call Imp.
You are very lightly contaminated with residual magic.
Nothing appears to happen.
You completely miss Crazy Yiuf.
Crazy Yiuf is heavily wounded.
Crazy Yiuf misses you.
You barely miss Crazy Yiuf.
Crazy Yiuf is heavily wounded.
Crazy Yiuf hits you with a +4 quarterstaff of chaos!
You are lethally poisoned!
You closely miss Crazy Yiuf.
Crazy Yiuf is heavily wounded.
You feel very sick. Crazy Yiuf barely misses you.
You hit Crazy Yiuf.
Crazy Yiuf is heavily wounded.
* * * LOW HITPOINT WARNING * * *
You feel very sick.
Crazy Yiuf hits you with a +4 quarterstaff of chaos.
You die...

..###.# #.# #. ### #.#
#.# #. #.# #. #.
#####.# #. ......# #.
####..# #. #..# #.
#..# ##♣♣♣♣♣ ######.
#..# ###...♣@♣♣♣ ###
#......
#..####......♣g.♣#...#
#######
#...........♣♣♣♣.'...#
# #.###.#.#..♣♣
♣♣#..)# # #.# #.####♣♣
### ####### #. #.#
#...... #. #.# #######
#. ... ###
################# ##
###
#.####.>......#.......


You could see Crazy Yiuf.

Vanquished Creatures
  An endoplasm (D:1)
  A giant cockroach (D:1)
  2 hobgoblins
  2 kobolds (D:1)
  A quokka (D:2)
  2 ball pythons (D:2)
  2 bats (D:2)
  A frilled lizard (D:1)
12 creatures vanquished.

Vanquished Creatures (collateral kills)
  An adder (D:2)
  A bat (D:1)
  3 endoplasms
  2 giant cockroaches (D:1)
  2 goblins (D:2)
  2 jackals (D:1)
  A kobold (D:1)
  2 ball pythons (D:1)
  4 frilled lizards
  A rat (D:1)
19 creatures vanquished.

Grand Total: 31 creatures vanquished

Notes
Turn   | Place    | Note
-------+----------+-------------------------------------------
     0 | D:1      | javelincjr the Gnoll Summoner began the quest for the Orb.
     0 | D:1      | Reached XP level 1. HP: 13/13 MP: 6/6
   287 | D:1      | Reached XP level 2. HP: 8/19 MP: 5/7
  1408 | D:2      | Reached skill level 5 in Spellcasting
  1408 | D:2      | Reached XP level 3. HP: 23/23 MP: 5/9
  1505 | D:2      | Learned a level 2 spell: Call Imp
  1510 | D:2      | Reached skill level 1 in Invocations
  1514 | D:2      | Learned a level 3 spell: Call Canine Familiar
  2076 | D:2      | Found a faded altar of an unknown god.
  2084 | D:2      | Noticed a golden eye
  2086 | D:2      | Noticed an eye of devastation
  2086 | D:2      | Noticed a great orb of eyes
  2086 | D:2      | Noticed a shining eye
  2095 | D:2      | Prayed at the altar of an unknown god.
  2095 | D:2      | Became a worshipper of Elyvilon the Healer
  2095 | D:2      | Reached * piety under Elyvilon
  2105 | D:2      | Fell from the grace of Elyvilon
  2225 | D:2      | Found a runed translucent door.
  2226 | D:2      | Noticed Crazy Yiuf
  2246 | D:2      | Slain by Crazy Yiuf

Illustrated notes

Levels and vault maps discovered:
D:1:      zelgadis_glass_arrival_small, layout_loops_corners
D:2:      layout_loops_ring, hellmonk_ecumenical_altar_watching_god,
          uniq_crazy_yiuf_cottage

Skill      XL: |  1  2  3 |
---------------+----------+-----
Spellcasting   | 5 |  5.0
Invocations    | 1 |  1.0
Fighting       | |  0.9
Short Blades   | |  0.9
Long Blades    | |  0.9
Axes           | |  0.9
Maces & Flails | |  0.9
Polearms       | |  0.9
Staves         | |  0.9
Ranged Weapons | |  0.9
Throwing       | |  0.9
Armour         | |  0.9
Dodging        | |  4.5
Stealth        | |  4.2
Shields        | |  0.9
Unarmed Combat | |  0.9
Conjurations   | |  0.6
Hexes          | |  0.6
Summonings     | |  7.1
Necromancy     | |  0.6
Translocations | |  0.6
Transmutations | |  0.6
Fire Magic     | |  0.6
Ice Magic      | |  0.6
Air Magic      | |  0.6
Earth Magic    | |  0.6
Poison Magic   | |  0.6
Evocations     | |  0.9

Action                   || total
-------------------------++-------
Melee: Unarmed           ||    19
       Bite              ||     5
       Punch             ||     1
       Short sword       ||    36
 Cast: Summon Small Mamm ||    41
       Call Imp          ||     7
       Call Canine Famil ||     1
Invok: Renounce Religion ||     1
 Stab: Sleeping          ||     1
Armor: Robe              ||     7
Dodge: Dodged            ||    47
Block: Kite shield       ||     1
